 Dungeon Crawl Stone Soup version 0.27-a0-765-ge4d627daa3 (webtiles) character file.

Game seed: 10426942380294599686

29033 spiderkeys the Impaler (level 13, -20/122 HPs)
             Began as a Minotaur Berserker on Mar 24, 2021.
             Was a High Priest of Trog.
             Killed from afar by a swamp worm (22 damage)
             ... with a harpoon shot
             ... on level 13 of the Dungeon.
             The game lasted 00:22:39 (20533 turns).

spiderkeys the Impaler (Minotaur Berserker)        Turns: 20533, Time: 00:22:40

Health: -20/122    AC: 19    Str: 36    XL:     13   Next: 13%
Magic:  12/12      EV: 15    Int:  4    God:    Trog [*****.]
Gold:   926        SH:  4    Dex:  9    Spells: 12/12 levels left

rFire    + + .     SeeInvis .   R - +3 trident (venom)
rCold    . . .     Faith    .   q - +0 buckler
rNeg     + . .     Spirit   .   P - +3 ring mail "Reteiw" {Str+8}
rPois    .         Reflect  .   (helmet restricted)
rElec    +         Harm     .   h - +0 cloak
rCorr    .         Rampage  .   V - +2 pair of gloves {Stlth+}
Will     .....                  H - +2 pair of boots
Stlth    +.........             (no amulet)
HPRegen  0.30/turn              z - ring "Daexky" {+Inv rElec rF+ rN+}
MPRegen  0.13/turn              G - ring "Werohaxiu" {rElec rF+ EV+4}

@: berserk cooldown, slowed, very slow
A: horns 2, retaliatory headbutt
a: Renounce Religion, Evoke Invisibility, Berserk, Trog's Hand, Brothers in Arms


You were on level 13 of the Dungeon.
You worshipped Trog.
Trog was extremely pleased with you.
You visited 1 branch of the dungeon, and saw 13 of its levels.
You also visited: Gauntlet.

You collected 926 gold pieces.

Inventory:

Hand Weapons
 R - a +3 trident of venom (weapon)
Missiles
 L - 8 javelins
 N - 20 silver javelins
 T - a throwing net
Armour
 h - a +0 cloak (worn)
 o - a +1 hat
 q - a +0 buckler (worn)
 H - a +2 pair of boots (worn)
 P - the +3 ring mail "Reteiw" (worn) {Str+8}
   (You found it on level 11 of the Dungeon)

   It affects your strength (+8).
 V - a +2 pair of gloves of stealth (worn)
Jewellery
 i - a +4 ring of evasion
 r - a ring of protection from cold
 u - a ring of flight
 x - a +4 ring of slaying
 z - the ring "Daexky" (right hand) {+Inv rElec rF+ rN+}
   (You acquired it on level 11 of the Dungeon)

   [ring of protection from fire]

   It protects you from fire.
   It insulates you from electricity.
   It protects you from negative energy.
   It lets you turn invisible.
 G - the ring "Werohaxiu" (left hand) {rElec rF+ EV+4}
   (You found it in a Gauntlet)

   [ring of evasion]

   It affects your evasion (+4).
   It protects you from fire.
   It insulates you from electricity.
 M - a ring of see invisible
Wands
 n - a wand of iceblast (23)
 p - a wand of acid (13)
 s - a wand of random effects (16)
 v - a wand of flame (27)
 J - a wand of mindburst (23)
 O - a wand of digging (6)
Scrolls
 a - a scroll of fog {unknown}
 c - 5 scrolls of teleportation
 g - 2 scrolls of blinking
 w - a scroll of identify
 B - 2 scrolls of fear
 I - 4 scrolls of magic mapping
 K - 2 scrolls of immolation
 S - a scroll of holy word
Potions
 b - 4 potions of degeneration {unknown}
 e - 4 potions of flight
 f - 3 potions of mutation
 j - 3 potions of lignification {unknown}
 k - 3 potions of haste {unknown}
 l - a potion of brilliance {unknown}
 m - 3 potions of ambrosia {unknown}
 t - 3 potions of magic
 A - a potion of attraction {unknown}
 F - 9 potions of curing {unknown}
 U - 2 potions of invisibility {unknown}
Miscellaneous
 W - a box of beasts


   Skills:
 + Level 13.3 Fighting
 * Level 17.7 Polearms
 + Level 13.1 Armour
 - Level 2.1 Dodging
 - Level 4.0 Shields


You had 12 spell levels left.
You didn't know any spells.
Your spell library contained the following spells:

 Spells                   Type           Power      Damage    Failure   Level
 Animate Skeleton         Necr           0%         N/A       56%         1
 Apportation              Tloc           0%         N/A       56%         1
 Corona                   Hex            0%         N/A       56%         1
 Magic Dart               Conj           0%         1d3       56%         1
 Pain                     Necr           0%         1d4       56%         1
 Summon Small Mammal      Summ           0%         N/A       56%         1
 Blink                    Tloc           N/A        N/A       71%         2
 Call Imp                 Summ           0%         N/A       71%         2
 Slow                     Hex            0%         N/A       71%         2
 Call Canine Familiar     Summ           0%         N/A       91%         3
 Confusing Touch          Hex            0%         N/A       91%         3
 Conjure Flame            Conj/Fire      0%         6-21      91%         3
 Gell's Gravitas          Tloc           0%         N/A       91%         3
 Mephitic Cloud           Conj/Pois/Air  0%         N/A       91%         3
 Summon Guardian Golem    Hex/Summ       0%         N/A       91%         3
 Vampiric Draining        Necr           0%         2d6       91%         3
 Animate Dead             Necr           0%         N/A       100%        4
 Petrify                  Tmut/Erth      0%         N/A       100%        4
 Summon Ice Beast         Ice/Summ       0%         N/A       100%        4
 Summon Lightning Spire   Summ/Air       0%         N/A       100%        4
 Agony                    Necr           0%         N/A       100%        5
 Metabolic Englaciation   Hex/Ice        0%         N/A       100%        5
 Yara's Violent Unravell  Hex/Tmut       0%         3d3       100%        5


Dungeon Overview and Level Annotations

Branches:
Dungeon (13/15)            Temple (0/1) D:7            Lair (0/6) D:10
    Orc (0/2) D:12         Vaults (0/5) D:13        Gauntlet (visited)

Altars:
Ashenzari
Fedhas
Gozag
Kikubaaqudgha
Okawaru
Qazlal
Ru
Sif Muna
Wu Jian
Xom
Yredelemnul
Zin

Shops:
D:5 *   D:8 *


Innate Abilities, Weirdness & Mutations

You have a pair of horns on your head.
You reflexively headbutt those who attack you in melee.


Message History

Your unstable footing causes you to fumble your attack.
The swamp worm bites you.
* * * LOW HITPOINT WARNING * * *
You hit the swamp worm.
The swamp worm is poisoned.
Your headbutt misses the swamp worm.
The swamp worm is heavily wounded.
You are no longer berserk.
You are exhausted.
You feel as though you will be slow longer.
The torpor snail bites you!
* * * LOW HITPOINT WARNING * * *
The swamp worm closely misses you.
You feel much better. You block the swamp worm's attack.
The torpor snail bites you!
* * * LOW HITPOINT WARNING * * *
As you read the scroll of fear, it crumbles to dust.
You assume a fearsome visage.
The swamp worm looks frightened! x2
The torpor snail looks frightened!
The swamp worm looks frightened! x2
The swamp worm seems to regain its courage.
The swamp worm fires a harpoon shot at you.
The harpoon shot hits you.
* * * LOW HITPOINT WARNING * * *
You are yanked forward by the harpoon shot.
Splash!
The swamp worm seems to regain its courage. x2
The swamp worm fires a harpoon shot at you.
The harpoon shot hits you!!
* * * LOW HITPOINT WARNING * * *
You are yanked forward by the harpoon shot.
Splash!
The swamp worm fires a harpoon shot at you.
The harpoon shot hits you!
* * * LOW HITPOINT WARNING * * *
You are yanked forward by the harpoon shot.
Splash!
The swamp worm bites you.
* * * LOW HITPOINT WARNING * * *
The swamp worm fires a harpoon shot at you.
The harpoon shot hits you!!
You die...

.# ###.#............#.....#
.########.#.......##...#..#..#
....#..##.#.......##...#.....#
....#.....#..)≈≈≈≈≈....#.....#
....#.....###≈≈≈|≈≈≈...#....>#
....#......≈≈≈≈###≈≈≈≈.#.....#
....'..##.≈≈≈###≈###≈≈≈#.....#
....#..##.≈≈##w≈w≈≈#†≈≈#.....#
....#..###≈≈#≈w≈@≈≈†≈≈≈......#
....#..###≈≈##≈w≈≈≈#≈≈≈..#...#
#####.)...≈≈≈###≈###≈≈≈..#...#
#######....≈≈≈≈###≈≈≈≈...#...#
......#......≈≈≈≈≈≈≈.....#...#
......'.......≈≈≈≈≈##'##.#...#
......#.......#........#.#...#
......#.####..#........+.#...#
......#.####..'........#.....#


You could see a torpor snail (fleeing) and 3 swamp worms.

Vanquished Creatures
  A minotaur (Gauntlet)
  Josephine (D:12)
  7 vault guards
  A centaur warrior (D:13)
  A death knight (D:13)
  A two-headed ogre (D:13)
  A fire crab (Gauntlet)
  4 skeletal warriors
  A deep elf pyromancer (D:13)
  2 cyclopes (D:13)
  3 manticores (D:13)
  An ugly thing (D:12)
  3 gargoyles
  Joseph (D:7)
  Maggie (D:7)
  A komodo dragon (D:10)
  2 demonic crawlers (D:13)
  2 efreet (D:13)
  2 unseen horrors
  3 kobold demonologists
  3 freezing wraiths (D:13)
  3 trolls
  3 slime creatures (D:13)
  Grinder (D:4)
  3 shadows
  2 ynoxinuls (Gauntlet)
  6 wraiths
  8 yaks
  2 vampire mosquitoes (D:13)
  5 fire bats (Gauntlet)
  An acid dragon (D:8)
  A swamp worm (D:13)
  A hell hound (Gauntlet)
  An ice beast (D:5)
  3 water moccasins (D:8)
  4 necrophages
  6 orc warriors
  A sky beast (D:5)
  3 ogres
  7 centaurs
  Blork the orc (D:4)
  4 kobold brigands
  6 bullfrogs
  A wyvern skeleton (D:7)
  A scorpion (D:10)
  8 killer bees
  7 wights
  2 electric eels (D:10)
  7 howler monkeys
  A bullfrog zombie (D:5)
  A centaur zombie (D:7)
  A centaur skeleton (D:5)
  4 orc priests
  3 hounds
  5 iron imps (Gauntlet)
  3 jellies
  A bullfrog skeleton (D:4)
  Natasha (thrice) (D:3)
  10 orc wizards
  3 worker ants
  8 gnolls
  7 adders
  A howler monkey skeleton (D:4)
  An adder skeleton (D:4)
  3 worms
  24 orcs
  5 bats
  8 endoplasms
  3 giant cockroaches
  7 goblins
  10 hobgoblins
  7 jackals
  23 kobolds
  3 quokkas
  5 ball pythons
  3 frilled lizards (D:1)
  4 rats
297 creatures vanquished.

Vanquished Creatures (others)
  An orc wizard (D:7)
  A kobold (D:10)
  6 demonic plants (Gauntlet)
  6 fungi
  7 plants
21 creatures vanquished.

Grand Total: 318 creatures vanquished

Notes
Turn   | Place    | Note
-------+----------+-------------------------------------------
     0 | D:1      | spiderkeys the Minotaur Berserker began the quest for the
                  | Orb.
     0 | D:1      | Reached XP level 1. HP: 19/19 MP: 0/0
   144 | D:1      | Reached skill level 4 in Polearms
   145 | D:1      | Reached XP level 2. HP: 26/27 MP: 1/1
  1003 | D:1      | Reached XP level 3. HP: 30/33 MP: 2/2
  1597 | D:2      | Reached ** piety under Trog
  1813 | D:2      | Reached XP level 4. HP: 36/40 MP: 3/3
  1850 | D:2      | Reached skill level 5 in Polearms
  2151 | D:2      | Found an iron altar of Okawaru.
  2763 | D:3      | Noticed Natasha
  2768 | D:3      | Killed Natasha
  2879 | D:3      | Reached XP level 5. HP: 47/47 MP: 4/4
  2974 | D:3      | Found an ancient bone altar of Kikubaaqudgha.
  3022 | D:3      | Noticed Natasha
  3034 | D:3      | Killed Natasha
  3035 | D:3      | Reached skill level 6 in Polearms
  3129 | D:3      | Reached skill level 5 in Fighting
  3214 | D:3      | Found a basalt altar of Yredelemnul.
  3445 | D:3      | Reached *** piety under Trog
  3679 | D:3      | Noticed Natasha
  3686 | D:3      | Killed Natasha
  3687 | D:3      | Reached XP level 6. HP: 54/56 MP: 5/5
  3867 | D:4      | Noticed Grinder
  3873 | D:4      | Paralysed by Grinder for 7 turns
  3890 | D:4      | Killed Grinder
  3891 | D:4      | Reached skill level 7 in Polearms
  3891 | D:4      | Reached skill level 5 in Armour
  3891 | D:4      | Reached XP level 7. HP: 27/62 MP: 6/6
  4112 | D:4      | Noticed Blork the orc
  4125 | D:4      | Killed Blork the orc
  4764 | D:4      | Found an ornate altar of the Wu Jian Council.
  4894 | D:5      | Entered Level 5 of the Dungeon
  4921 | D:5      | Reached skill level 8 in Polearms
  5190 | D:5      | Found an opulent altar of Gozag.
  5191 | D:5      | Found Gozag's Platinum Reserve.
  5347 | D:5      | Reached XP level 8. HP: 71/71 MP: 7/7
  5642 | D:6      | Reached skill level 9 in Polearms
  5793 | D:6      | Found a sacrificial altar of Ru.
  6911 | D:7      | Noticed Joseph
  6924 | D:7      | Killed Joseph
  6925 | D:7      | Reached skill level 10 in Polearms
  7640 | D:7      | Reached XP level 9. HP: 53/81 MP: 8/8
  7759 | D:7      | Found a broken altar of Ashenzari.
  8338 | D:7      | Noticed Maggie
  8348 | D:7      | Killed Maggie
  8349 | D:7      | Reached skill level 11 in Polearms
  8689 | D:7      | Reached **** piety under Trog
  8755 | D:7      | Found a staircase to the Ecumenical Temple.
  9131 | D:8      | Found Geywus's Serpentskin Sales.
  9144 | D:8      | Reached skill level 1 in Shields
  9259 | D:8      | Found a shimmering blue altar of Sif Muna.
  9303 | D:8      | Reached skill level 12 in Polearms
  9774 | D:8      | Found a shimmering altar of Xom.
  9826 | D:8      | Found a shimmering altar of Xom.
 10191 | D:9      | Reached XP level 10. HP: 85/91 MP: 9/9
 10255 | D:9      | Found a blossoming altar of Fedhas.
 10255 | D:9      | Found a stormy altar of Qazlal.
 11477 | D:10     | Entered Level 10 of the Dungeon
 11522 | D:10     | Reached skill level 13 in Polearms
 11712 | D:10     | Reached skill level 10 in Fighting
 11879 | D:10     | Reached ***** piety under Trog
 12632 | D:10     | Reached skill level 10 in Armour
 12950 | D:10     | Found a staircase to the Lair.
 13370 | D:11     | Noticed an orange demon
 13397 | D:11     | Reached XP level 11. HP: 101/101 MP: 10/10
 13576 | D:11     | Reached skill level 14 in Polearms
 13767 | D:11     | Identified the +0 scale mail of Pyupiluf {Int+4 SInv}
 14273 | D:11     | Identified the +3 ring mail "Reteiw" {Str+8}
 14311 | D:11     | Identified a scroll of acquirement
 14313 | D:11     | Acquired the ring "Daexky" {+Inv rElec rF+ rN+}
 14373 | D:12     | Noticed Josephine
 14534 | D:12     | Killed Josephine
 14596 | D:12     | Found a gate leading to a gauntlet.
 14607 | Gauntlet | Entered a Gauntlet
 14607 | Gauntlet | Found a transporter.
 14607 | Gauntlet | Found a transporter.
 14610 | Gauntlet | Noticed a sixfirhy
 14661 | Gauntlet | Found a transporter.
 14661 | Gauntlet | Found a transporter.
 14667 | Gauntlet | Noticed a soul eater
 14670 | Gauntlet | Found a transporter.
 14689 | Gauntlet | Found a transporter.
 14699 | Gauntlet | Found a transporter.
 14699 | Gauntlet | Found a transporter.
 14699 | Gauntlet | Noticed a fire crab
 14717 | Gauntlet | Found a transporter.
 14724 | Gauntlet | Found a transporter.
 14756 | Gauntlet | Found a transporter.
 14801 | Gauntlet | Found a transporter.
 14806 | Gauntlet | Noticed a wizard
 14819 | Gauntlet | Found a transporter.
 14921 | Gauntlet | Found a transporter.
 14936 | Gauntlet | Found a transporter.
 14949 | Gauntlet | Found a transporter.
 15164 | Gauntlet | Received a gift from Trog
 15165 | Gauntlet | Reached skill level 15 in Polearms
 15168 | Gauntlet | Killed a fire crab
 15182 | Gauntlet | Identified the ring "Werohaxiu" {rElec rF+ EV+4}
 15269 | Gauntlet | Noticed a minotaur
 15278 | Gauntlet | Killed a minotaur
 16114 | D:12     | Found an iron altar of Okawaru.
 16118 | D:12     | Noticed a purple ugly thing
 16127 | D:12     | Killed a purple ugly thing
 16543 | D:12     | Found a staircase to the Orcish Mines.
 16630 | D:13     | Noticed a centaur warrior
 16639 | D:13     | Killed a centaur warrior
 16640 | D:13     | Reached XP level 12. HP: 83/112 MP: 11/11
 16758 | D:13     | Found a gate to the Vaults.
 16758 | D:13     | Noticed a vault guard
 16758 | D:13     | Noticed a vault guard
 16758 | D:13     | Noticed a vault guard
 16758 | D:13     | Noticed a vault guard
 16758 | D:13     | Noticed a vault guard
 16758 | D:13     | Noticed a vault guard
 16759 | D:13     | Noticed a vault guard
 16759 | D:13     | Noticed a vault guard
 16940 | D:12     | Killed a vault guard
 16941 | D:12     | Reached skill level 16 in Polearms
 18219 | D:13     | Found a glowing silver altar of Zin.
 18296 | D:13     | Killed a vault guard
 18313 | D:13     | Killed a vault guard
 18324 | D:13     | Killed a vault guard
 18366 | D:13     | Killed a vault guard
 18662 | D:13     | Reached skill level 17 in Polearms
 18722 | D:13     | Noticed a two-headed ogre
 18727 | D:13     | Killed a two-headed ogre
 19022 | D:13     | Noticed a death knight
 19055 | D:13     | Killed a vault guard
 19640 | D:13     | Reached XP level 13. HP: 51/122 MP: 12/12
 20533 | D:13     | HP: 5/122 [swamp worm/harpoon shot (9)]
 20533 | D:13     | HP: 2/122 [swamp worm (3)]
 20533 | D:13     | Killed from afar by a swamp worm

Illustrated notes

Levels and vault maps discovered:
D:1:      psy_arrival_spokes, layout_rooms, serial_co_window_serial,
          co_window_corner_a, co_window_corner_a, co_window_paths_b,
          co_window_corner_a, co_window_paths_a, co_window_corner_a,
          co_window_paths_c, co_window_2corner, co_window_corner_ca,
          co_window_2corner, co_window_unsneaky_path_a, co_window_4corner_a,
          glass_columns_a, glass_columns_a, glass_columns_b, glass_columns_c,
          st_stairs_9, chequers_garden, minivault_25
D:2:      layout_basic, lemuel_doored_altar, minmay_heptomino_h4
D:3:      layout_loops_ring, general_overflow_altar,
          nicolae_overflow_hidden_temple, uniq_natasha
D:4:      layout_cave_pools, nicolae_wu_jian_immortal_techniques,
          kennysheep_potato, uniq_grinder, uniq_blork_the_orc
D:5:      layout_rooms, nicolae_gozag_zags_fifth_avenue
D:6:      layout_loops_corners, nicolae_ru_awakened_eye,
          kennysheep_generic_room_10
D:7:      layout_basic, minmay_temple_entry_waves,
          hangedman_decor_clover_reticule, kennysheep_nondescript,
          ashenzari_altar_1, uniq_joseph, uniq_maggie
D:8:      layout_basic, chequers_temple_overflow_statue_of_worship, basic_altar,
          guppyfry_shop_venom
D:9:      layout_small_grid, grunt_temple_overflow_forces_of_nature
D:10:     layout_roguey, grunt_lair_entry_orc_guard_hut, serial_bayou,
          serial_bayou_shore_b, serial_bayou_pond_a, serial_bayou_lagoon_a,
          serial_bayou_crossing
D:11:     layout_roguey, kennysheep_small_square
D:12:     layout_basic, orc_0_dummy, gauntlet_entry_generic, basic_altar,
          uniq_josephine
D:13:     layout_stronghold, erik_vaults_2, basic_altar, worms_lemuel

Skill      XL: |  1  2  3  4  5  6  7  8  9 10 11 12 |
---------------+-------------------------------------+-----
Polearms       | 4 5 6 7 8 10 12 13 15 17 | 17.7
Fighting       | 4 5 6 7 9 10 12 13 | 13.3
Armour         | 3 4 5 6 7 8 10 11 13 | 13.1
Shields        | 2 4 |  4.0
Dodging        | |  2.1

Action                   |  1- 3 |  4- 6 |  7- 9 | 10-12 | 13-15 || total
-------------------------+-------+-------+-------+-------+-------++-------
Melee: Spear             |    81 |   101 |       |       |       ||   182
       Headbutt          |     9 |    24 |    38 |   183 |    14 ||   268
       Halberd           |       |    40 |    11 |       |       ||    51
       Glaive            |       |       |   224 |       |       ||   224
       Trident           |       |       |       |   696 |    42 ||   738
Invok: Berserk           |     1 |     2 |     4 |     8 |     2 ||    17
  Use: Scroll            |     4 |       |     9 |     9 |     1 ||    23
       Potion            |       |       |     1 |     3 |     1 ||     5
Armor: Animal skin       |     9 |     2 |       |       |       ||    11
       Ring mail         |       |    25 |     4 |    69 |    29 ||   127
       Chain mail        |       |       |    25 |       |       ||    25
       Plate armour      |       |       |   121 |   190 |       ||   311
Dodge: Dodged            |    43 |    45 |   132 |   254 |    38 ||   512
Block: Buckler           |       |       |       |    91 |    10 ||   101

Table legend: (Time is in decaauts)
 A = Elapsed time spent in this place.
 B = Non-inter-level travel time spent in this place.
 C = Inter-level travel time spent in this place.
 D = Time resting spent in this place.
 E = Time spent auto-exploring this place.
 F = Levels seen in this place.
 G = Mean time per level.
                   A        B        C        D        E       F      G
               +--------+--------+--------+--------+--------+-----+--------+
         Total |  20502 |  19903 |    599 |   5665 |  11894 |  14 | 1464.4 |
       Dungeon |  19537 |  18938 |    599 |   5372 |  11487 |  13 | 1502.8 |
      Gauntlet |    964 |    964 |      0 |    292 |    406 |   1 |  964.0 |
               +--------+--------+--------+--------+--------+-----+--------+

Top non-repeatable levels by time:
    D:13: 2694 daAuts
    D:12: 2301 daAuts
     D:7: 1915 daAuts
    D:10: 1744 daAuts
     D:6: 1616 daAuts
     D:1: 1587 daAuts
     D:9: 1324 daAuts
    D:11: 1250 daAuts
     D:4: 1205 daAuts
     D:8: 1115 daAuts
     D:3: 1112 daAuts
     D:2: 1003 daAuts
Gauntlet: 964 daAuts
     D:5: 664 daAuts
